[Event "Titled Tuesday Blitz August 08 Late 2023"]
[White "littlepinkyboy"]
[Black "Musovic, Armin"]
[BlackFideId "939935"]
[WhiteElo "2438"]
[BlackElo "2590"]
[Result "0-1"]
[Round "9"]
[TimeControl "180+1"]
[Date "2023.08.08"]
[WhiteClock "0:00:02"]
[BlackClock "0:00:11"]
[Board "43"]

1. e4 c6 2. d4 d5 3. exd5 cxd5 4. Nf3 Nc6 5. Bd3 Bg4 6. c3 a6 7. O-O e6 8. Re1 Nf6 9. Nbd2 Bd6 10. Nf1 O-O 11. h3 Bh5 12. Ng3 Bxg3 13. fxg3 Re8 14. g4 Bg6 15. Bg5 Qb6 16. Bxf6 gxf6 17. Kh1 Qxb2 18. Bxg6 hxg6 19. Qd3 Qf2 20. g5 fxg5 21. Nxg5 Qf5 22. Qe3 f6 23. Nf3 g5 24. Rf1 Qg6 25. Nd2 Kg7 26. Nb3 b6 27. Rae1 Rad8 28. Qg3 Rd7 29. Re2 Ree7 30. Rfe1 Qf5 31. Rf2 Qg6 32. Rfe2 Nd8 33. Qb8 g4 34. Qxb6 Qd3 35. Nc5 Qxc3 36. Nxd7 Rxd7 37. Re3 Qd2 38. hxg4 Kg6 39. Kg1 Rh7 40. Qb1+ Kg7 41. Qb6 Nf7 42. Qxe6 Qxd4 43. Qf5 Rh6 44. Qf3 Rg6 45. Kf1 Rxg4 46. Kg1 Rf4 47. Qg3+ Rg4 48. Qf2 Ng5 49. Rg3 Nh3+ 50. gxh3 Rxg3+ 51. Kf1 Qxf2+ 52. Kxf2 Rxh3 53. Re7+ Kg6 54. Kg2 Ra3 55. Re2 f5 56. Rd2 Kg5 57. Kf2 Kg4 58. Kg2 f4 59. Kf2 d4 60. Kg2 a5 61. Kf2 a4 62. Kg2 Rg3+ 63. Kf2 Rh3 64. Kg2 Ra3 65. Kf2 d3 66. Kg2 Rc3 67. Kf2 Rc2 68. Ke1 Rxd2 0-1


[Site "https://www.chess.com"]

[Event "Titled Tuesday Blitz August 08 Late 2023"]
[White "Shapiro, Viktor"]
[Black "Troff, Kayden"]
[WhiteFideId "4175700"]
[BlackFideId "2047896"]
[WhiteElo "2558"]
[BlackElo "2774"]
[Result "0-1"]
[Round "9"]
[TimeControl "180+1"]
[Date "2023.08.08"]
[WhiteClock "0:00:00"]
[BlackClock "0:00:15"]
[Board "44"]

1. c4 Nf6 2. Nc3 g6 3. Nf3 d5 4. cxd5 Nxd5 5. Qb3 Nb6 6. d4 Be6 7. Qc2 Nc6 8. e4 Nb4 9. Qd1 Bg4 10. Be3 Bg7 11. a3 Bxf3 12. gxf3 Nc6 13. d5 Ne5 14. f4 Ned7 15. e5 O-O 16. h4 c6 17. dxc6 bxc6 18. Qf3 Rb8 19. Rd1 Qc7 20. h5 Rfd8 21. hxg6 hxg6 22. e6 fxe6 23. Bh3 Nf8 24. Qe4 Rd6 25. Bc5 Rxd1+ 26. Nxd1 Kf7 27. Rg1 Qd7 28. Ne3 Nd5 29. b4 Nc3 30. Qc2 Rd8 31. Bg4 Nd5 32. Qe4 Nf6 33. Qf3 Qd3 34. Qe2 Qb1+ 35. Nd1 Nxg4 36. Rxg4 Bc3+ 37. Kf1 Rxd1+ 38. Kg2 Rg1+ 39. Kf3 Rxg4 40. Kxg4 Qf5+ 41. Kf3 Qh5+ 42. Ke3 Qxe2+ 43. Kxe2 Nd7 44. Bxa7 Bb2 45. a4 Bc3 46. b5 cxb5 47. axb5 Ba5 48. Kd3 Kf6 49. Be3 Kf5 50. Kc4 Bb6 51. Kb4 Ke4 52. Bxb6 Nxb6 53. Kc5 Nd5 54. f5 gxf5 55. Kc6 e5 56. Kc5 f4 0-1


[Site "https://www.chess.com"]

[Event "Titled Tuesday Blitz August 08 Late 2023"]
[White "Grossboss19"]
[Black "Tristan, Leonardo"]
[BlackFideId "113816"]
[WhiteElo "2535"]
[BlackElo "2771"]
[Result "0-1"]
[Round "9"]
[TimeControl "180+1"]
[Date "2023.08.08"]
[WhiteClock "0:00:04"]
[BlackClock "0:00:07"]
[Board "45"]

1. d4 d5 2. c4 e6 3. Nc3 a6 4. e3 Nf6 5. Bd3 Nbd7 6. Nge2 Be7 7. b3 O-O 8. Bb2 b6 9. O-O Bb7 10. cxd5 exd5 11. Rc1 c5 12. Bb1 Re8 13. Qd3 Ne4 14. Ng3 Bf8 15. f3 Nef6 16. Rfe1 cxd4 17. exd4 Rxe1+ 18. Rxe1 b5 19. Nce2 Qa5 20. Bc3 b4 21. Bd2 Qb6 22. Nf4 a5 23. Ngh5 g6 24. Nxf6+ Nxf6 25. Rc1 Ba6 26. Qe3 Re8 27. Qf2 h5 28. Bd3 Bh6 29. Bxa6 Qxa6 30. Re1 Rc8 31. Nxh5 Rc2 32. Nxf6+ Qxf6 33. f4 Bg7 34. Rc1 Rxa2 35. Kf1 Qxd4 36. Qxd4 Bxd4 37. Be1 Be3 38. Rc8+ Kg7 39. g3 d4 40. Rd8 Kf6 41. Rd5 Ke6 42. Re5+ Kd6 43. h4 f6 44. Re8 Kd5 45. g4 Bxf4 46. h5 gxh5 47. gxh5 Rh2 48. Rh8 Ke4 49. Kg1 Kf3 50. Rh7 d3 51. Rd7 Rxh5 52. Rxd3+ Ke2 53. Rd4 Be3+ 54. Bf2 Bxf2+ 55. Kg2 Bxd4 56. Kg3 Rg5+ 57. Kh2 Kf2 58. Kh3 Kf3 59. Kh4 Bf2+ 0-1


[Site "https://www.chess.com"]

[Event "Titled Tuesday Blitz August 08 Late 2023"]
[White "Santos Flores, Alberto"]
[Black "Kobo, Ori"]
[WhiteFideId "3601234"]
[BlackFideId "2812320"]
[WhiteElo "2556"]
[BlackElo "2728"]
[Result "0-1"]
[Round "9"]
[TimeControl "180+1"]
[Date "2023.08.08"]
[WhiteClock "0:01:36"]
[BlackClock "0:02:04"]
[Board "46"]

1. e4 c5 2. Nf3 d6 3. Bb5+ Bd7 4. Bxd7+ Nxd7 5. c4 Ne5 6. d3 e6 7. Nc3 Ne7 8. Nxe5 dxe5 9. O-O Nc6 10. f4 exf4 11. Bxf4 Bd6 12. Qg4 Bxf4 13. Qxf4 O-O 14. Rf3 Qd4+ 15. Kh1 Ne5 16. Rg3 Nxd3 17. Rxd3 Qxd3 18. e5 Rad8 19. h4 Rd4 20. Qg4 Rxg4 0-1


[Site "https://www.chess.com"]

[Event "Titled Tuesday Blitz August 08 Late 2023"]
[White "Perske, Thore"]
[Black "Matinian, Nikita"]
[WhiteFideId "12902195"]
[BlackFideId "24129100"]
[WhiteElo "2534"]
[BlackElo "2686"]
[Result "0-1"]
[Round "9"]
[TimeControl "180+1"]
[Date "2023.08.08"]
[WhiteClock "0:00:00"]
[BlackClock "0:00:28"]
[Board "47"]

1. d4 Nf6 2. g3 e6 3. Bg2 c5 4. Nf3 Nc6 5. O-O cxd4 6. Nxd4 h5 7. h4 Bc5 8. Nb3 Bb6 9. c4 d5 10. cxd5 Nxd5 11. Nc3 Nxc3 12. bxc3 Qxd1 13. Rxd1 e5 14. Ba3 Bg4 15. Rd2 Rd8 16. Rxd8+ Kxd8 17. Rd1+ Kc7 18. Kf1 Rd8 19. Rxd8 Nxd8 20. Bd5 Be6 21. c4 Bxd5 22. cxd5 Kd7 23. e4 g6 24. Ke2 f5 25. f3 Nf7 26. Nd2 Bd4 27. Nc4 b5 28. Na5 Bb6 29. Nc6 a5 30. Bb2 Bc7 31. Kd3 a4 32. Bc3 Bd6 33. Bb2 Kc7 34. Bc3 Kb6 35. Ba5+ Kb7 36. Bc3 Ka6 37. Bb4 Bxb4 38. Nxb4+ Kb6 39. Nc6 Kc5 40. Ne7 fxe4+ 41. fxe4 g5 42. hxg5 Nxg5 43. Ng6 Nf7 44. Nf8 Kb4 45. Kc2 Kc4 46. Ne6 b4 47. Ng7 Nd6 0-1


[Site "https://www.chess.com"]

[Event "Titled Tuesday Blitz August 08 Late 2023"]
[White "Annaberdiyev, Meylis"]
[Black "brm72"]
[WhiteFideId "14000563"]
[WhiteElo "2673"]
[BlackElo "2534"]
[Result "0-1"]
[Round "9"]
[TimeControl "180+1"]
[Date "2023.08.08"]
[WhiteClock "0:00:00"]
[BlackClock "0:01:32"]
[Board "48"]

1. e4 c5 2. Nf3 Nc6 3. Bb5 e5 4. O-O Nge7 5. c3 g6 6. d4 exd4 7. cxd4 cxd4 8. Nxd4 Bg7 9. Be3 O-O 10. Nc3 d5 11. exd5 Nb4 12. Bg5 h6 13. Bh4 g5 14. Bg3 Nexd5 15. Nce2 Qb6 16. a3 Nc6 17. Nxc6 bxc6 18. Bc4 Qxb2 19. Rb1 Qxa3 20. Nd4 Qc5 21. Nxc6 Qxc4 22. Qxd5 Qxd5 23. Ne7+ Kh7 24. Nxd5 Bf5 25. Rb7 a5 26. Nc7 Rac8 27. Ra7 Bc3 28. Rc1 Bb4 29. h3 Bg6 30. Ra1 Rfd8 31. Kh2 Rd7 32. Rc1 h5 0-1


[Site "https://www.chess.com"]

[Event "Titled Tuesday Blitz August 08 Late 2023"]
[White "ElDivis"]
[Black "Goltsev, Dmitry"]
[BlackFideId "24176710"]
[WhiteElo "2521"]
[BlackElo "2626"]
[Result "1-0"]
[Round "9"]
[TimeControl "180+1"]
[Date "2023.08.08"]
[WhiteClock "0:00:15"]
[BlackClock "0:00:04"]
[Board "49"]

1. Nf3 d5 2. e3 c6 3. c4 Nf6 4. Nc3 g6 5. d4 Bg7 6. Be2 O-O 7. O-O Nbd7 8. a4 Re8 9. a5 a6 10. cxd5 cxd5 11. b3 Nf8 12. Bd2 Bf5 13. Na4 N6d7 14. Bc3 Rc8 15. Qd2 f6 16. Rfd1 g5 17. b4 Be4 18. Nc5 Nxc5 19. dxc5 e5 20. Qa2 Ng6 21. Nd2 Bf5 22. e4 Be6 23. exd5 Qxd5 24. Bc4 Qc6 25. Bxe6+ Qxe6 26. Qxe6+ Rxe6 27. Ne4 Nf4 28. Kf1 Re7 29. g3 Ne6 30. Nd6 Rcc7 31. Rd2 Red7 32. Rad1 Bf8 33. Nf5 Rxd2 34. Rxd2 Kf7 35. Ke2 Ke8 36. Kf3 h5 37. h4 gxh4 38. gxh4 Rd7 39. Ke4 Rxd2 40. Bxd2 Kd7 41. Ng3 Nd4 42. Nxh5 Ke6 43. f4 f5+ 44. Kd3 Nf3 45. fxe5 Kxe5 46. Bc3+ Kd5 47. Nf4+ Kc6 48. h5 Bh6 49. Ne6 Nh2 50. Bg7 Bxg7 51. Nxg7 f4 52. Nf5 f3 53. Ke3 Kd5 54. h6 Ng4+ 55. Kxf3 Nf6 56. Nd6 Kc6 57. Ne8 Nh7 58. Ke4 Kb5 59. Kd5 Kxb4 60. Nd6 Kxa5 61. Nxb7+ Kb5 62. Nd6+ Kb4 63. c6 a5 64. c7 a4 65. c8=Q a3 66. Qc4+ Ka5 67. Qb5# 1-0


[Site "https://www.chess.com"]

[Event "Titled Tuesday Blitz August 08 Late 2023"]
[White "chess123456s"]
[Black "Golubev, Mikhail"]
[BlackFideId "14100983"]
[WhiteElo "2517"]
[BlackElo "2616"]
[Result "1-0"]
[Round "9"]
[TimeControl "180+1"]
[Date "2023.08.08"]
[WhiteClock "0:00:09"]
[BlackClock "0:00:00"]
[Board "50"]

1. c4 g6 2. d4 Bg7 3. Nc3 d6 4. Nf3 Nf6 5. g3 O-O 6. Bg2 Nbd7 7. O-O e5 8. e4 Re8 9. Re1 exd4 10. Nxd4 c6 11. b3 Ng4 12. Bb2 Nc5 13. b4 Qf6 14. Nf3 Nxe4 15. Nxe4 Qxb2 16. Rb1 Qxa2 17. Nxd6 Qxf2+ 18. Kh1 Rd8 19. Rb3 Be6 20. Rd3 Bxc4 21. Nxc4 Rxd3 22. Qxd3 Qxe1+ 23. Nxe1 Nf2+ 24. Kg1 Nxd3 25. Nxd3 Rd8 26. Nc5 Rd1+ 27. Kf2 Bd4+ 28. Ke2 Rc1 29. Kd3 Bxc5 30. bxc5 b6 31. cxb6 axb6 32. Bxc6 Kf8 33. Bd5 b5 34. Nd6 Ke7 35. Ne4 Rh1 36. h4 1-0


[Site "https://www.chess.com"]

[Event "Titled Tuesday Blitz August 08 Late 2023"]
[White "Di Berardino, Diego Rafael"]
[Black "Dragomirescu, Robin-Alexandru"]
[WhiteFideId "2105446"]
[BlackFideId "1213849"]
[WhiteElo "2605"]
[BlackElo "2512"]
[Result "1-0"]
[Round "9"]
[TimeControl "180+1"]
[Date "2023.08.08"]
[WhiteClock "0:00:12"]
[BlackClock "0:00:42"]
[Board "51"]

1. d4 d5 2. c4 Nc6 3. Nf3 Bg4 4. cxd5 Bxf3 5. gxf3 Qxd5 6. e3 e5 7. Nc3 Bb4 8. Bd2 Bxc3 9. bxc3 Nf6 10. Be2 O-O 11. Qb3 Qxb3 12. axb3 exd4 13. cxd4 a5 14. Bb5 Nb4 15. Ke2 c6 16. Bd3 Rfd8 17. Rhc1 Nfd5 18. Be4 Ne7 19. Rc5 b6 20. Rc4 Nbd5 21. Bd3 g6 22. e4 Nf6 23. Be3 b5 24. Rc2 Ra6 25. Rca2 Rda8 26. d5 cxd5 27. Bxb5 Re6 28. Rxa5 Rxa5 29. Rxa5 dxe4 30. Bd4 exf3+ 31. Kxf3 Nf5 32. Bc3 Nd6 33. Bd3 Kf8 34. Ra8+ Ke7 35. Ra7+ Nd7 36. Bb4 Re5 37. Bc4 Rf5+ 38. Kg2 Rg5+ 39. Kf1 Rg4 40. Ra6 Rd4 41. Bxd6+ Rxd6 42. Rxd6 Kxd6 43. Bxf7 Ne5 44. Bg8 h5 45. Ke2 Kc5 46. h4 Kd4 47. f3 Nd7 48. Kf2 Nf6 49. Bf7 Kc3 50. Ke3 Kb4 51. Kf4 Nd7 52. Kg5 Ne5 53. Bd5 Kc5 54. Be4 Kb4 55. f4 Nd7 56. Bxg6 Kxb3 57. Bxh5 Kc4 58. Bf7+ Kd4 59. h5 Nf8 60. Bg6 Kd5 61. h6 Ke6 62. h7 Nxh7+ 63. Bxh7 Kf7 64. Be4 Kf8 65. f5 Kg7 66. f6+ Kf8 67. Bd5 Ke8 68. Kg6 Kf8 69. Bc4 Ke8 70. Kg7 1-0


[Site "https://www.chess.com"]

[Event "Titled Tuesday Blitz August 08 Late 2023"]
[White "Reprintsev, Alexander"]
[Black "Erzhanov, Arman"]
[WhiteFideId "14100541"]
[BlackFideId "4138821"]
[WhiteElo "2501"]
[BlackElo "2603"]
[Result "1-0"]
[Round "9"]
[TimeControl "180+1"]
[Date "2023.08.08"]
[WhiteClock "0:00:07"]
[BlackClock "0:00:55"]
[Board "52"]

1. e4 d6 2. d4 Nf6 3. Nc3 c6 4. Be2 b5 5. a3 e5 6. Be3 Nbd7 7. g4 Nb6 8. g5 Nfd7 9. h4 a6 10. b3 Be7 11. Qd2 Qc7 12. f4 Bb7 13. Nf3 c5 14. dxe5 dxe5 15. O-O-O O-O-O 16. Nd5 Nxd5 17. exd5 e4 18. Nh2 Nb6 19. Ng4 Nxd5 20. Ne5 Nxf4 21. Bg4+ Kb8 22. Nd7+ Rxd7 23. Qxd7 Nd5 24. Rxd5 Bxd5 25. Qxd5 c4 26. Qxe4 Bxa3+ 27. Kb1 cxb3 28. cxb3 Rd8 29. Bf4 Bd6 30. Rf1 Bxf4 31. Qxf4 Rd6 32. Qxf7 Qxf7 33. Rxf7 Rd4 34. Bf5 g6 35. Rxh7 gxf5 36. g6 Rd1+ 37. Kc2 Rg1 38. g7 Rg2+ 39. Kd3 f4 40. Rh8+ Kc7 41. g8=Q Rxg8 42. Rxg8 Kd6 43. Ke4 f3 44. Kxf3 a5 45. h5 Kc5 46. h6 Kb4 47. h7 Kxb3 48. h8=Q b4 49. Rb8 Ka4 50. Qe8+ Kb3 51. Qb5 Kc3 52. Qxa5 Kd3 53. Qxb4 Kc2 54. Rc8+ Kd1 55. Qd4+ Ke1 56. Rc1# 1-0


[Site "https://www.chess.com"]

[Event "Titled Tuesday Blitz August 08 Late 2023"]
[White "Osmak, Yuliia"]
[Black "Gasparyan, David"]
[WhiteFideId "14101602"]
[BlackFideId "13311980"]
[WhiteElo "2500"]
[BlackElo "2591"]
[Result "1-0"]
[Round "9"]
[TimeControl "180+1"]
[Date "2023.08.08"]
[WhiteClock "0:00:08"]
[BlackClock "0:00:16"]
[Board "53"]

1. d4 Nf6 2. c4 d6 3. Nf3 Bg4 4. Nc3 Nbd7 5. e4 e5 6. Be2 Be7 7. O-O O-O 8. Be3 c6 9. Qc2 Qc7 10. Rad1 Rfe8 11. Rfe1 Nf8 12. d5 c5 13. a3 Ng6 14. b4 b6 15. Nd2 Bxe2 16. Rxe2 Ng4 17. Qd3 Nxe3 18. Rxe3 Nf4 19. Qf1 Bg5 20. g3 Ng6 21. Rd3 a6 22. h4 Bh6 23. h5 Ne7 24. Rf3 Qd7 25. Kg2 f5 26. Qh1 fxe4 27. Ndxe4 Rf8 28. Rdd3 Rad8 29. Qh3 Qxh3+ 30. Kxh3 Nf5 31. Na4 b5 32. Nb6 bxc4 33. Nxc4 g6 34. hxg6 hxg6 35. g4 Nd4 36. Rxf8+ Rxf8 37. Ncxd6 cxb4 38. axb4 Rb8 39. g5 Bg7 40. Nc5 Rxb4 41. Ne6 Rb3 42. Rxb3 Nxb3 43. Nc4 Nd4 44. Nxg7 Kxg7 45. Nxe5 Nf5 46. Kg4 a5 47. Nc4 a4 48. Kf4 Kf7 49. Ke5 Ke7 50. f4 Nh4 51. d6+ Kd7 52. Kf6 Ng2 53. Ke5 Nh4 54. Na3 Nf3+ 55. Kf6 Nd2 56. Kxg6 Kxd6 57. f5 Ne4 58. f6 Nc5 59. f7 Ne6 60. Kf6 Kd7 61. g6 Nf8 62. g7 Nh7+ 63. Kg6 Ke7 64. Kxh7 Kxf7 65. g8=Q+ Kf6 66. Qg4 Ke5 67. Qxa4 Kd5 68. Qb5+ Ke6 69. Qb3+ Kf6 70. Qc2 Kg5 71. Qc3 Kf4 72. Qd3 Ke5 73. Nc4+ Kf6 74. Ne3 Kg5 75. Qf5+ Kh4 76. Qg4# 1-0


[Site "https://www.chess.com"]

[Event "Titled Tuesday Blitz August 08 Late 2023"]
[White "Pert, Richard G"]
[Black "Sebag, Marie"]
[WhiteFideId "404748"]
[BlackFideId "617822"]
[WhiteElo "2584"]
[BlackElo "2497"]
[Result "0-1"]
[Round "9"]
[TimeControl "180+1"]
[Date "2023.08.08"]
[WhiteClock "0:00:00"]
[BlackClock "0:00:42"]
[Board "54"]

1. d4 d5 2. Nc3 Nf6 3. e4 dxe4 4. f3 c6 5. Be3 Nbd7 6. fxe4 e5 7. d5 Bc5 8. Bxc5 Nxc5 9. Qf3 cxd5 10. Bb5+ Bd7 11. Bxd7+ Qxd7 12. exd5 O-O 13. O-O-O b5 14. Nh3 b4 15. Ne2 e4 16. Qg3 Rac8 17. Nhf4 Qa4 18. Kb1 Rfd8 19. b3 Qa3 20. Nd4 e3 21. Nf5 g6 22. Ne7+ Kf8 23. Qxe3 Nce4 24. Rd3 Nc3+ 25. Rxc3 bxc3 26. Nfxg6+ hxg6 27. Nxg6+ Kg7 0-1


[Site "https://www.chess.com"]

[Event "Titled Tuesday Blitz August 08 Late 2023"]
[White "Pinto, Daniel"]
[Black "Deng, Henry"]
[WhiteFideId "3303144"]
[BlackFideId "30965454"]
[WhiteElo "2429"]
[BlackElo "2577"]
[Result "1/2-1/2"]
[Round "9"]
[TimeControl "180+1"]
[Date "2023.08.08"]
[WhiteClock "0:00:02"]
[BlackClock "0:00:08"]
[Board "55"]

1. e4 c5 2. Nf3 e6 3. c3 Nf6 4. e5 Nd5 5. d4 cxd4 6. cxd4 d6 7. Bd3 Be7 8. O-O O-O 9. Nbd2 Nc6 10. Nc4 h6 11. Bb1 dxe5 12. dxe5 Ndb4 13. Qe2 h5 14. Rd1 Qc7 15. a3 Nd5 16. Bg5 Bd7 17. Bxe7 Ncxe7 18. Ng5 g6 19. Ne4 Kg7 20. b3 Bb5 21. a4 Bxc4 22. bxc4 Nf4 23. Qb2 h4 24. Nd6 Nc6 25. Be4 Rab8 26. Rac1 Rfd8 27. g3 hxg3 28. fxg3 Nh3+ 29. Kh1 Ng5 30. Bg2 Rd7 31. c5 Nd8 32. h4 Nh7 33. Qf2 Qa5 34. Qf4 Nf8 35. Ne8+ Kg8 36. Rxd7 Nxd7 37. Nf6+ Nxf6 38. exf6 Kh7 39. Qxb8 Qd2 40. Qf4 Qd7 41. Bf3 Nc6 42. Rd1 Qc8 43. Bxc6 e5 44. Qf3 bxc6 45. Kg2 Qa6 46. Rd6 Qxa4 47. Rd7 Kg8 48. Qf2 Qe4+ 49. Qf3 Qc2+ 50. Qf2 Qe4+ 51. Kf1 Qb1+ 52. Ke2 Qe4+ 53. Kd2 Qb4+ 54. Kc1 Qc3+ 55. Qc2 Qe1+ 56. Rd1 Qe3+ 57. Rd2 Qa3+ 58. Kd1 Qf3+ 59. Kc1 Qa3+ 60. Kb1 Qb4+ 61. Ka2 Qa5+ 62. Kb3 Qb5+ 63. Ka3 Qa5+ 64. Kb2 Qb4+ 65. Kc1 Qa3+ 1/2-1/2


[Site "https://www.chess.com"]

[Event "Titled Tuesday Blitz August 08 Late 2023"]
[White "Gajwa Ankit"]
[Black "Moral Garcia, Serafin"]
[WhiteFideId "5077834"]
[BlackFideId "2201925"]
[WhiteElo "2415"]
[BlackElo "2569"]
[Result "0-1"]
[Round "9"]
[TimeControl "180+1"]
[Date "2023.08.08"]
[WhiteClock "0:00:05"]
[BlackClock "0:00:09"]
[Board "56"]

1. e4 e5 2. Nf3 Nc6 3. Bb5 a6 4. Ba4 Nf6 5. O-O Be7 6. Re1 b5 7. Bb3 d6 8. c3 O-O 9. h3 Na5 10. Bc2 c5 11. d4 Nd7 12. d5 Nb6 13. Nbd2 f5 14. exf5 Bxf5 15. Bxf5 Rxf5 16. Ne4 Qd7 17. Nh2 Raf8 18. Ng4 Qb7 19. Ne3 Rf4 20. f3 R4f7 21. b3 Qc7 22. Bd2 c4 23. b4 Nb7 24. Qc2 Nd8 25. Red1 g6 26. Ng4 Kh8 27. Bh6 Re8 28. Be3 Rff8 29. Qf2 Na4 30. Bh6 Rf7 31. Qe3 Bf8 32. Bg5 Be7 33. Bh6 Bf8 34. Ng5 Rf5 35. Bxf8 Rexf8 36. Nh6 Rf4 37. g3 R4f6 38. Ng4 Rf5 39. Nh6 R5f6 40. Rf1 Qb6 41. Qxb6 Nxb6 42. Rad1 Re8 43. Kg2 Kg7 44. Ng4 Rff8 45. Ne4 Nf7 46. Ngf6 Rd8 47. Ng4 Nh6 48. Nxh6 Kxh6 49. h4 Kg7 50. g4 h6 51. g5 hxg5 52. hxg5 Rf5 53. Rh1 Rdf8 54. Rh3 Rh8 55. Rg3 Rd8 56. Nf6 Rh8 57. Ne4 Rd8 58. Rg4 Rf4 59. Rxf4 exf4 60. Kh3 Rf8 61. Nxd6 Rd8 62. Nb7 Rxd5 63. Re1 Rd3 64. Kg4 Rxc3 65. Re7+ Kf8 66. Re6 Nd5 67. Nd6 Nxb4 68. Re8+ Kg7 69. Re7+ Kf8 70. Re8+ Kg7 71. Ne4 Re3 72. Re7+ Kf8 73. Re6 Nxa2 74. Kxf4 Re2 75. Ke5 c3 76. Kf6 c2 77. Rc6 Ke8 78. Ke6 c1=Q 0-1


[Site "https://www.chess.com"]

[Event "Titled Tuesday Blitz August 08 Late 2023"]
[White "Andrews, Todd"]
[Black "Graif, William"]
[WhiteFideId "2012456"]
[BlackFideId "2609835"]
[WhiteElo "2394"]
[BlackElo "2566"]
[Result "0-1"]
[Round "9"]
[TimeControl "180+1"]
[Date "2023.08.08"]
[WhiteClock "0:00:03"]
[BlackClock "0:00:22"]
[Board "57"]

1. e4 e5 2. Nf3 Bc5 3. Bc4 Nf6 4. d3 Nc6 5. c3 d6 6. Bb3 Ne7 7. Nbd2 Ng6 8. Nf1 O-O 9. h3 d5 10. Qe2 dxe4 11. dxe4 a5 12. Bg5 a4 13. Bc2 b6 14. Rd1 Qe7 15. Ng3 h6 16. Bc1 Nf4 17. Bxf4 exf4 18. Nf5 Bxf5 19. exf5 Qxe2+ 20. Kxe2 Rfe8+ 21. Kf1 a3 22. b4 Bf8 23. g4 c5 24. bxc5 Bxc5 25. Kg2 Re2 26. Rd2 Rae8 27. Rhd1 Bxf2 28. Rxe2 Rxe2 29. Rd8+ Kh7 30. Rd2 Rxd2 31. Nxd2 Be1 32. Nc4 Bxc3 33. Nxa3 Kg8 34. Kf3 Be5 35. Nc4 Bc7 36. a4 Kf8 37. h4 Ke7 38. g5 hxg5 39. hxg5 Nd5 40. Nd2 Kd7 41. Ne4 Kc6 42. Bb3 Ne3 43. Bxf7 Nxf5 44. Kg4 Nd4 45. Kh5 f3 46. Kg6 Be5 47. Be8+ Kd5 48. Nc3+ Kc4 49. Ne4 Kd3 50. Nf2+ Ke2 51. Ng4 f2 52. Nxf2 Kxf2 53. Kf7 Kg3 54. g6 Kf4 55. Bd7 Kg5 56. Be8 Bf6 57. Bd7 Nf3 58. Be8 Ne5+ 59. Ke6 Nxg6 60. Kd6 Bd4 61. Kc6 Ne5+ 62. Kd5 Bb2 63. Ke4 Kf6 64. Bb5 g5 65. Be2 g4 66. Kd5 g3 67. Bf1 Kg5 68. Kd6 Kf4 69. Bg2 Bd4 70. Kc7 Ke3 71. Kb7 Nc4 72. Ka6 Kf2 73. Bd5 Na5 74. Kb5 g2 75. Bxg2 Kxg2 76. Ka6 Kf3 77. Kb5 Kf4 78. Kb4 Ke4 79. Kb5 Kd5 80. Kb4 Kc6 81. Ka3 Bc5+ 82. Kb2 Kd5 83. Kc3 Ke4 84. Kc2 Kd4 85. Kb2 Kc4 86. Ka2 Kb4 87. Kb2 Kxa4 88. Kc3 b5 89. Kb2 b4 90. Kb1 b3 91. Kb2 Bd4+ 92. Kb1 Ka3 93. Kc1 Ka2 94. Kd2 b2 95. Kd3 b1=Q+ 96. Kxd4 Qb4+ 0-1


[Site "https://www.chess.com"]

[Event "Titled Tuesday Blitz August 08 Late 2023"]
[White "Harshavardhan G B"]
[Black "Gaal, Zsoka"]
[WhiteFideId "25059009"]
[BlackFideId "777765"]
[WhiteElo "2806"]
[BlackElo "2483"]
[Result "1-0"]
[Round "9"]
[TimeControl "180+1"]
[Date "2023.08.08"]
[WhiteClock "0:01:45"]
[BlackClock "0:00:45"]
[Board "58"]

1. e4 e5 2. Nc3 Nc6 3. Bc4 d6 4. Nf3 Be7 5. d4 exd4 6. Nxd4 Nxd4 7. Qxd4 Bf6 8. Qd3 Ne7 9. O-O O-O 10. Be3 g6 11. f4 Bg7 12. Bd4 Nc6 13. Bxg7 Kxg7 14. Nd5 Be6 15. Qc3+ f6 16. f5 Bxd5 17. Bxd5 Ne5 18. Bxb7 Rb8 19. Bd5 c6 20. Be6 Qb6+ 21. Kh1 Qxb2 22. Qd2 g5 23. Qxd6 Qb4 24. Qc7+ Kh8 25. Qxa7 Ng4 26. h3 Ne3 27. Qxe3 1-0


[Site "https://www.chess.com"]

[Event "Titled Tuesday Blitz August 08 Late 2023"]
[White "Cheer_Down"]
[Black "Tejedor Fuente, Enrique"]
[BlackFideId "2299100"]
[WhiteElo "2474"]
[BlackElo "2718"]
[Result "1-0"]
[Round "9"]
[TimeControl "180+1"]
[Date "2023.08.08"]
[WhiteClock "0:00:07"]
[BlackClock "0:00:00"]
[Board "59"]

1. e4 e5 2. Nf3 Nf6 3. Nxe5 Qe7 4. d4 d6 5. Nf3 Nxe4 6. Be2 Bf5 7. O-O Nd7 8. c4 g6 9. Nc3 Bg7 10. Re1 Nxc3 11. bxc3 O-O 12. Bd3 Qd8 13. Bxf5 gxf5 14. Bg5 Bf6 15. Bh6 Bg7 16. Qd2 Qf6 17. Bg5 Qg6 18. Nh4 Qh5 19. Nxf5 Rfe8 20. h3 Nf8 21. Ne7+ Kh8 22. Nd5 Ne6 23. Bf6 Qg6 24. Bxg7+ Qxg7 25. Nf4 Rg8 26. g3 Qh6 27. Re4 Ng5 28. Re3 Nxh3+ 29. Nxh3 Qxh3 30. Rae1 Rg6 31. Rf3 Rf8 32. Re7 Kg7 33. Qe3 h5 34. Rxc7 Qg4 35. Qf4 Qe6 36. d5 Qe1+ 37. Kg2 Qe8 38. Rxb7 a5 39. a4 h4 40. Qxh4 Qxa4 41. Qe7 Qe8 42. Qxe8 Rxe8 43. Rfxf7+ Kg8 44. Rbe7 Rc8 45. Rc7 Re8 46. Rfe7 Rf8 47. Red7 Rgf6 48. f4 Rg6 49. Kf3 Rb8 50. Rb7 Rc8 51. Rdc7 Re8 52. Ra7 Rh6 53. Kg4 Rg6+ 54. Kf3 Rh6 55. f5 Rf8 56. Kf4 Kh8 57. g4 Rh3 58. Kg5 Rg8+ 59. Kf6 Rxg4 60. Rc8+ Rg8 61. Rxg8+ Kxg8 62. Ke6 Rxc3 63. f6 Re3+ 64. Kxd6 Re4 65. c5 a4 66. c6 Rc4 67. c7 Kf7 68. Kd7 Kxf6 69. c8=Q Rd4 70. d6 Ke5 71. Qc5+ Ke4 72. Qxd4+ Kxd4 73. Rxa4+ Kc5 74. Ra7 Kd5 75. Kc7 Kc5 76. d7 Kb5 77. Rb7+ Kc5 78. d8=Q Kc4 79. Qg8+ Kc5 80. Qg5+ Kc4 81. Qb5+ 1-0


[Site "https://www.chess.com"]

[Event "Titled Tuesday Blitz August 08 Late 2023"]
[White "maksimys18"]
[Black "Fiorito, Joaquin"]
[BlackFideId "180173"]
[WhiteElo "2468"]
[BlackElo "2681"]
[Result "0-1"]
[Round "9"]
[TimeControl "180+1"]
[Date "2023.08.08"]
[WhiteClock "0:00:21"]
[BlackClock "0:00:16"]
[Board "60"]

1. d4 Nf6 2. Nf3 d5 3. c4 e6 4. Nc3 c6 5. Bg5 Be7 6. e3 Nbd7 7. Rc1 h6 8. Bh4 O-O 9. cxd5 exd5 10. Bd3 Re8 11. O-O Ne4 12. Bxe7 Qxe7 13. Nd2 Nxd2 14. Qxd2 Nf6 15. a3 a5 16. Na4 Bg4 17. h3 Bh5 18. Nb6 Rad8 19. Qxa5 Ne4 20. Bxe4 Qxe4 21. Na4 Rd6 22. Nc5 Qh4 23. Qc7 Rg6 24. Qh2 b6 25. Nd7 Qe4 26. Ne5 Rg5 27. Rxc6 f6 28. Ng4 Bxg4 29. hxg4 Rxg4 30. g3 Qg6 31. Qg2 Kh8 32. Rfc1 Rxe3 33. Qxd5 Rgxg3+ 34. fxg3 Qxg3+ 35. Qg2 Qh4 36. R6c3 Re4 37. d5 Rg4 38. d6 Rxg2+ 39. Kxg2 Qe4+ 40. Kf1 Qf4+ 41. Ke2 Qxd6 42. R1c2 h5 43. Rc6 Qe5+ 44. Kd3 b5 45. R6c5 Qg3+ 46. Kd4 h4 47. Rxb5 Kh7 48. a4 Qg4+ 49. Kc3 Qxa4 50. Rb4 Qc6+ 51. Kb3 Qe6+ 52. Rcc4 h3 53. Ka3 g5 54. Rb3 Qxc4 55. Rxh3+ Kg6 56. Rc3 Qa6+ 57. Kb3 g4 58. Kc2 f5 59. b4 f4 60. Kb3 g3 61. b5 Qxb5+ 62. Kc2 g2 63. Kd2 g1=Q 64. Rc2 Qf2+ 65. Kc3 Qbc5+ 66. Kb3 Qfxc2# 0-1


[Site "https://www.chess.com"]

[Event "Titled Tuesday Blitz August 08 Late 2023"]
[White "Jimenez Martinez, Jose Vicente"]
[Black "Vovk, Orest"]
[WhiteFideId "2264021"]
[BlackFideId "14113490"]
[WhiteElo "2669"]
[BlackElo "2467"]
[Result "0-1"]
[Round "9"]
[TimeControl "180+1"]
[Date "2023.08.08"]
[WhiteClock "0:00:06"]
[BlackClock "0:00:12"]
[Board "61"]

1. d4 h6 2. c4 g5 3. Nc3 Bg7 4. e4 c5 5. d5 Bxc3+ 6. bxc3 d6 7. h4 Qa5 8. Bd2 g4 9. h5 Nf6 10. Bd3 Nbd7 11. f4 g3 12. Qf3 Rg8 13. Rh3 Nb6 14. Rxg3 Bg4 15. Qf1 Nxh5 16. Re3 O-O-O 17. Ne2 Bxe2 18. Qxe2 Ng3 19. Qf2 Nh5 20. e5 Qa4 21. Qh4 Ng7 22. f5 Nxd5 23. Rg3 dxe5 24. Qxh6 Nf4 25. Bxf4 exf4 26. Rxg7 Rxg7 27. Qxg7 Rxd3 28. Qf8+ Rd8 29. Qxf7 Qc2 30. Qe6+ Kb8 31. Qe5+ Ka8 32. Kf1 f3 33. gxf3 Rg8 34. Qxc5 Qg2+ 35. Ke1 Rh8 36. Qf2 Rh1+ 37. Ke2 Qxf2+ 38. Kxf2 Rxa1 39. Ke2 Rxa2+ 40. Ke3 Ra6 41. Ke4 Rf6 42. Ke5 Kb8 43. c5 Kc7 44. Kd5 a5 45. Ke5 Kc6 0-1


[Site "https://www.chess.com"]